 Dungeon Crawl Stone Soup version 0.32-a0-913-g739538afd8 (webtiles) character file.

Game seed: 4415161513796232717

291602 Drazool the Eclecticist (level 19, -10/154 HPs)
             Began as a Mountain Dwarf Fire Elementalist on Apr 4, 2024.
             Was the Champion of Vehumet.
             Mangled by a dire elephant (30 damage)
             ... on level 2 of the Vaults on Apr 9, 2024.
             The game lasted 03:32:20 (55449 turns).

Drazool the Eclecticist (MDFE)                     Turns: 55449, Time: 03:32:23

Health: -10/154    AC: 29    Str: 15    XL:     19   Next: 96%
Magic:  13/40      EV: 10    Int: 30    God:    Vehumet [******]
Gold:   5204       SH:  0    Dex: 10    Spells: 7/52 levels left

rFire   + . .        z - +12 glaive of Prune {freeze, Prune}
rCold   + + +        (shield currently unavailable)
rNeg    + . .        x - +14 Cigotuvi's embrace {Corpsefed rMiasma ^Drain rN+}
rPois   +            d - +3 helmet of Udesogh {Regen+}
rElec   .            r - scarf {rC+ rF+}
rCorr   +            Z - +2 pair of gloves "Weuxun" {Int+2}
SInv    +            U - +2 pair of boots
Will    +++..        k - amulet of Jiygil {rPois Will+ Regen+ Str+2 SInv}
Stlth   +            W - ring of willpower
HPRegen 2.05/turn    g - ring "Orhox" {^Drain rC+++ rCorr Int+6}
MPRegen 0.27/turn

%: no passive effects
@: fragile (+50% incoming damage)
A: runic magic, artefact enchanting
}: 2/15 runes: barnacled, gossamer
a: Renounce Religion


You were on level 2 of the Vaults.
You worshipped Vehumet.
Vehumet was exalted by your worship.
You visited 7 branches of the dungeon, and saw 33 of its levels.
You visited 1 bazaar.
You also visited: Ossuary and Gauntlet.

You collected 7853 gold pieces.
You spent 2649 gold pieces at shops.


Innate Abilities, Weirdness & Mutations

Your spellcasting is much less encumbered by armour.
You can use scrolls of enchantment on lesser artefacts.


   Skills:
 - Level 10.0 Fighting
 - Level 13.0(13.1) Polearms
 - Level 2.2(9.4) Staves
 - Level 4.0 Throwing
 - Level 9.0 Armour
 - Level 2.0 Dodging
 - Level 2.0 Stealth
 - Level 17.0 Spellcasting
 - Level 9.0 Conjurations
 - Level 3.0 Hexes
 - Level 10.0 Summonings
 - Level 2.0 Translocations
 - Level 12.0 Fire Magic
 + Level 16.2 Ice Magic
 - Level 3.0 Air Magic
 - Level 5.0 Earth Magic
 - Level 4.0 Alchemy
 - Level 5.0 Evocations


You had 7 spell levels left.
You knew the following spells:

 Your Spells              Type           Power      Damage    Failure   Level
b - Ozocubu's Refrigerat  Ice            44%        4d17      1%          7
c - Freezing Cloud        Conj/Ice/Air   35%        6-21      1%          5
f - Foxfire               Conj/Fire      100%       2x1d9     0%          1
i - Irradiate             Conj/Alch      29%        3d21      1%          5
l - Fireball              Conj/Fire      36%        3d15      1%          5
r - Inner Flame           Hex/Fire       63%        N/A       1%          3
s - Spellforged Servitor  Conj/Summ      35%        N/A       9%          7
w - Stone Arrow           Conj/Erth      100%       3d13      1%          3
X - Scorch                Fire           100%       2d9       0%          2
Y - Volatile Blastmotes   Fire/Tloc      100%       2d18      1%          3
Z - Flame Wave            Conj/Fire      73%        2d16      1%          4

Your spell library contained the following spells:

 Spells                   Type           Power      Damage    Failure   Level
 Polar Vortex             Ice            44%        12d5*     47%         9
 Maxwell's Capacitive Co  Air            21%        ∞         99%         8
 Frozen Ramparts          Ice            100%       1d16      0%          3
 Ozocubu's Armour         Ice            89%        N/A       0%          3
 Apportation              Tloc           74%        N/A       1%          1
 Kiss of Death            Conj/Necr      100%       2d13      1%          1
 Necrotise                Necr           100%       1d9       1%          1
 Sandblast                Erth           100%       2d20      1%          1
 Shock                    Conj/Air       100%       1d9       1%          1
 Slow                     Hex            100%       N/A       1%          1
 Sting                    Conj/Alch      100%       1d9       1%          1
 Summon Small Mammal      Summ           100%       N/A       1%          1
 Blink                    Tloc           74%        N/A       1%          2
 Cigotuvi's Dreadful Rot  Necr/Alch/Air  78%        N/A       1%          2
 Ensorcelled Hibernation  Hex/Ice        100%       N/A       1%          2
 Jinxbite                 Hex            86%        N/A       1%          2
 Lesser Beckoning         Tloc           74%        N/A       1%          2
 Momentum Strike          Conj/Tloc      100%       3d10      1%          2
 Static Discharge         Conj/Air       100%       3-8/arc   1%          2
 Confusing Touch          Hex            43%        N/A       1%          3
 Passwall                 Erth           53%        N/A       1%          3
 Swiftness                Air            43%        N/A       1%          3
 Tukima's Dance           Hex            43%        N/A       1%          3
 Airstrike                Air            21%        2d(4-20)  1%          4
 Brom's Barrelling Bould  Conj/Erth      61%        2d8       1%          4
 Ignite Poison            Fire/Alch      65%        N/A       1%          4
 Sticky Flame             Fire/Alch      65%        2d11      1%          4
 Summon Lightning Spire   Summ/Air       59%        N/A       1%          4
 Lee's Rapid Deconstruct  Erth           26%        3d14*     1%          5
 Metabolic Englaciation   Hex/Ice        35%        N/A       1%          5
 Permafrost Eruption      Ice/Erth       36%        2x4d9     1%          6
 Sublimation of Blood     Necr           25%        N/A       2%          2
 Leda's Liquefaction      Alch/Erth      25%        N/A       2%          4
 Yara's Violent Unravell  Hex/Alch       23%        3d10      3%          5
 Plasma Beam              Fire/Air       31%        2x1d44    3%          6
 Summon Forest            Summ/Tloc      28%        N/A       4%          5
 Fugue of the Fallen      Necr           25%        N/A       5%          3
 Vampiric Draining        Necr           25%        2d7       5%          3
 Passage of Golubria      Tloc           37%        N/A       8%          4
 Alistair's Intoxication  Alch           32%        N/A       10%         5
 Orb of Destruction       Conj           34%        9d10      11%         7
 Eringya's Noxious Bog    Alch           24%        4d6       13%         6
 Silence                  Hex/Air        21%        N/A       14%         5
 Dispel Undead            Necr           25%        3d12      17%         4
 Summon Hydra             Summ           35%        N/A       24%         7
 Dispersal                Tloc           18%        N/A       75%         6
 Gell's Gavotte           Tloc           18%        2d(19-28) 75%         6
 Enfeeble                 Hex            21%        N/A       99%         7
 Manifold Assault         Tloc           18%        N/A       100%        7
 Ignition                 Fire           39%        3d12      21%         8
 Discord                  Hex            21%        N/A       100%        8
 Disjunction              Tloc           18%        N/A       100%        8

Inventory:

Hand Weapons
 z - the +12 glaive of Prune (weapon) {freeze, Prune}
   (You bought it in a shop on level 8 of the Dungeon)

   Prune:     It halves damage taken while paralysed, petrified or unconscious.
Missiles
 q - 7 silver javelins
 O - 15 curare-tipped darts {=f}
 P - 3 throwing nets {=f}
Armour
 d - the +3 helmet of Udesogh (worn) {Regen+}
   (You found it on level 4 of the Lair of Beasts)

   Regen+:    It increases your rate of health regeneration.
 r - a scarf of resistance (worn)
 x - the +14 Cigotuvi's embrace (worn) {Corpsefed rMiasma ^Drain rN+}
   (You took it off a vampire on level 7 of the Dungeon)

   Corpsefed: It gathers nearby corpses to temporarily increase the armour it
   provides.
   rMiasma:   It protects you from foul pestilence.
   rN+:       It protects you from negative energy.
   ^Drain:    It drains your maximum health when unequipped.
 U - a +2 pair of boots (worn)
 Z - the +2 pair of gloves "Weuxun" (worn) {Int+2}
   (You acquired it on level 6 of the Dungeon)

   Int+2:     It affects your intelligence (+2).
Jewellery
 g - the ring "Orhox" (right hand) {^Drain rC+++ rCorr Int+6}
   (You acquired it in an ossuary)

   [ring of intelligence]

   Int+6:     It affects your intelligence (+6).
   rC+++:     It renders you almost immune to cold.
   rCorr:     It protects you from acid and corrosion.
   ^Drain:    It drains your maximum health when unequipped.
 k - the amulet of Jiygil (around neck) {rPois Will+ Regen+ Str+2 SInv}
   (You took it off an ironbound preserver on level 1 of the Vaults)

   [amulet of regeneration]

   Str+2:     It affects your strength (+2).
   rPois:     It protects you from poison.
   Will+:     It increases your willpower.
   SInv:      It lets you see invisible.
   Regen+:    It increases your rate of health regeneration.
 v - a ring of see invisible
 L - a ring of flight
 M - the ring of Izittaf {Str+6 Int+4}
   (You bought it in a shop on level 2 of the Orcish Mines)

   [ring of strength]

   Str+6:     It affects your strength (+6).
   Int+4:     It affects your intelligence (+4).
 W - a ring of willpower (left hand)
Talismans
 y - a storm talisman
Wands
 e - a wand of flame (11)
 h - a wand of charming (23)
 s - a wand of mindburst (10)
 E - a wand of digging (7)
 S - a wand of polymorph (23)
 T - a wand of light (8)
 V - a wand of iceblast (18)
Scrolls
 f - 4 scrolls of revelation
 l - 4 scrolls of poison
 o - 6 scrolls of noise
 u - 3 scrolls of fear
 w - 9 scrolls of fog
 A - 6 scrolls of vulnerability
 C - 3 scrolls of butterflies
 D - 4 scrolls of immolation
 H - a scroll of blinking
 I - 7 scrolls of identify {@r1}
 Q - a scroll of enchant armour
 Y - 10 scrolls of teleportation {@r2}
Potions
 a - 2 potions of resistance
 b - a potion of heal wounds {@q2}
 i - 4 potions of enlightenment
 j - 4 potions of invisibility
 m - 4 potions of haste {@q3}
 n - 3 potions of lignification
 p - 6 potions of mutation
 t - 5 potions of brilliance
 F - 6 potions of attraction
 G - 9 potions of might
 K - 3 potions of ambrosia
 X - 8 potions of curing {@q1}
Miscellaneous
 c - a Gell's gravitambourine (2/2)
 B - a sack of spiders
 J - a lightning rod (4/4)
 N - a condenser vane
 R - a phantom mirror

Dungeon Overview and Level Annotations

Branches:
Dungeon (15/15)            Temple (1/1) D:7            Lair (5/5) D:9
 Shoals (4/4) Lair:2       Spider (4/4) Lair:2        Slime (0/5) Lair:5
    Orc (2/2) D:11            Elf (0/3) Orc:2        Vaults (2/5) D:13
  Crypt (0/3) Vaults:2     Depths (0/4) D:15        Ossuary (visited)
Gauntlet (visited)

Altars:
Ashenzari
Cheibriados
Dithmenos
Elyvilon
Fedhas
Gozag
Hepliaklqana
Kikubaaqudgha
Makhleb
Nemelex Xobeh
Okawaru
Qazlal
Ru
Sif Muna
Trog
Uskayaw
Vehumet
Wu Jian
Xom
Yredelemnul
Zin
The Shining One
Beogh
Jiyva

Shops:
D:4 :   D:8 *(   D:12 :   Orc:1 ?   Orc:2 ([*=   Shoals:3 *[   Vaults:1 [

Annotations:
D:12 3 runed translucent doors
Shoals:1 1 runed translucent door, Xacloem's ghost, adept OnFE
Vaults:1 2 transporters, Shayle's ghost, adept CoAl

***▒▒** ▒▒▒▒▒▒▒ ▒▒▒
***,,...▒** ▒▒▒.....▒▒▒ ▒▒▒..
**,,,,....c*▒▒.........▒▒▒....
*,,,,,...Y.Y▒@.......[..▒.....
*,,,,,..c)Y99Y....=.>...'...>.
*,,,,,...)§9▒...........▒.....
**,,,,...§c▒▒▒.........▒▒▒....
***,,...▒▒* ▒▒▒.....▒▒▒ ▒▒▒..
***▒▒▒▒▒▒▒▒▒▒▒▒▒▒▒▒▒▒▒▒▒▒▒▒
▒..............[........
▒.......................
▒.......................


You could see 2 dire elephants, a crystal guardian (strong), 2 centaur warriors,
a war gargoyle (strong) and a peacekeeper.


Message History

The dire elephant is severely wounded.
The dire elephant is engulfed in freezing vapours. x2
The dire elephant tramples you!!
* * * LOW HITPOINT WARNING * * *
You stumble backwards!
The war gargoyle barely misses you.
Unknown command.
Casting: Ozocubu's Refrigeration (mildly dangerous; 1% risk of failure)
Press: ? - help, Q - select action, (/) - cycle Dir - look around, f - activate The heat is drained from your surroundings.
The peacekeeper resists.
The peacekeeper is lightly damaged.
The war gargoyle resists.
The war gargoyle is moderately damaged.
The centaur warrior is almost dead.
You kill the centaur warrior!
Vehumet accepts your kill.
You feel your power returning.
The centaur warrior is almost dead.
You kill the yaktaur!
Vehumet accepts your kill.
You feel your power returning.
The dire elephant is heavily wounded.
The dire elephant is almost dead.
Your shell of carrion and bone grows thicker.
The peacekeeper is engulfed in freezing vapours.
The war gargoyle is engulfed in freezing vapours.
The war gargoyle hits you with a +0 flail!!
* * * LOW HITPOINT WARNING * * *
The dire elephant tramples you!!
You die...

Skill      XL: |  1  2  3  4  5  6  7  8  9 10 11 12 13 14 15 16 17 18 19 |
---------------+----------------------------------------------------------+-----
Spellcasting   | 2 3 4 5 6 7 8 9 12 15 17 | 17.0
Conjurations   | 1 2 3 4 5 8 9 |  9.0
Fire Magic     | 4 6 7 8 9 10 12 | 12.0
Armour         | 1 2 4 9 |  9.0
Dodging        | 2 |  2.0
Stealth        | 2 |  2.0
Fighting       | 1 2 3 4 6 8 10 | 10.0
Hexes          | 1 2 3 |  3.0
Translocations | 2 |  2.0
Polearms       | 7 12 13 | 13.0
Earth Magic    | 5 |  5.0
Ice Magic      | 5 8 12 16 | 16.2
Air Magic      | 1 3 |  3.0
Evocations     | 5 |  5.0
Throwing       | 4 |  4.0
Alchemy        | 2 4 |  4.0
Summonings     | 9 10 | 10.0
Staves         | 2 |  2.2

Action                     |  1- 3 |  4- 6 |  7- 9 | 10-12 | 13-15 | 16-18 | 19-21 || total
---------------------------+-------+-------+-------+-------+-------+-------+-------++-------
  Melee: Dagger            |     7 |    52 |   168 |     7 |       |       |       ||   234
         Glaive            |       |       |       |   284 |   405 |   253 |   134 ||  1076
  Throw: Throwing net      |       |       |       |     2 |       |       |       ||     2
         Dart              |       |       |       |       |     3 |       |       ||     3
   Cast: Foxfire           |    83 |    69 |   172 |   249 |    80 |     1 |       ||   654
         Scorch            |     2 |    24 |    45 |    71 |    21 |       |       ||   163
         Volatile Blastmot |       |     1 |    13 |    13 |    19 |       |       ||    46
         Inner Flame       |       |     1 |       |       |       |       |       ||     1
         Flame Wave        |       |       |     7 |    35 |     8 |       |       ||    50
         Stone Arrow       |       |       |       |     5 |     5 |    24 |     3 ||    37
         Freezing Cloud    |       |       |       |     4 |    99 |    12 |    37 ||   152
         Ozocubu's Refrige |       |       |       |       |   165 |   359 |    68 ||   592
         Fireball          |       |       |       |       |     9 |   141 |    38 ||   188
         Irradiate         |       |       |       |       |       |     1 |       ||     1
         Spellforged Servi |       |       |       |       |       |    62 |    17 ||    79
  Evoke: Wand              |       |       |     1 |     5 |    20 |    20 |       ||    46
         Gell's gravitambo |       |       |       |       |       |     1 |       ||     1
    Use: Scroll            |       |     6 |     8 |     9 |    20 |    11 |     4 ||    58
         Potion            |       |       |     4 |     3 |     8 |     7 |     3 ||    25
   Stab: Sleeping          |       |     1 |       |     2 |     1 |       |       ||     4
         Invisible         |       |       |       |       |     1 |       |       ||     1
         Distracted        |       |       |       |       |       |     4 |     3 ||     7
 Armour: Robe              |     2 |       |       |       |       |       |       ||     2
         Ring mail         |    11 |    31 |   122 |    42 |       |       |       ||   206
         Skin              |       |       |     1 |       |       |       |       ||     1
         Leather armour    |       |       |       |   192 |   433 |   435 |   222 ||  1282
  Dodge: Dodged            |     4 |    34 |   150 |   371 |   256 |   234 |    77 ||  1126

Levels and vault maps discovered:
D:1:      minmay_arrival_solitary_statue, layout_rooms, st_stairs_4
D:2:      layout_basic, shapermc_ecumenical_altar_petra
D:3:      minmay_bubble_buster, layout_rooms, serial_glass, glass_columns_c,
          glass_columns_a
D:4:      minmay_octagon_keep, layout_rooms, elyvilon_altar_5,
          nicolae_custom_books, uniq_natasha
D:5:      layout_basic, xom_teletrap_fun, mainiacjoe_overflow_cross_hatched,
          uniq_pikel
D:6:      layout_basic, enter_ossuary_1, minmay_pentangle
D:7:      minmay_the_grid_triangle_9x9_rhombus_thin
          [minmay_the_grid_triangle_9x9_checkered,
          minmay_the_grid_triangle_9x9_prize_insulated,
          minmay_the_grid_triangle_9x9_odd_lines,
          minmay_the_grid_triangle_9x9_intruding_spiral], layout_cave_pools,
          temple_hall, nicolae_grassy_gnolls
D:8:      layout_cave_pools, chequers_temple_overflow_statue_of_worship,
          serial_shops, nicolae_shop_crystal,
          nicolae_shop_temple_entry_statues_fountains, minmay_misc_feat_room,
          uniq_grum
D:9:      wad_woods_minihive, layout_small_grid, led_sif_pool,
          minmay_lair_entry_grove, wad_scary_box
D:10:     layout_long_grid, nicolae_concentric_dashed_squares_wild,
          kennysheep_generic_room_2
D:11:     layout_loops_ring, zombieorc1_lemuel, uniq_erica, uniq_sonja,
          uniq_fannar
D:12:     layout_irregular_city, serial_shops, shop, mikee_hates_you
D:13:     layout_layer_cave, hellmonk_vaults_keyhole, uniq_lodul
D:14:     layout_irregular_city
D:15:     grunt_enter_depths_snipers, layout_rooms, old_standard_altar,
          uniq_kirke
Temple:   regret_index_temple_waves
Lair:1:   layout_cave_pods, worms_lemuel, serial_bayou_shore_b, uniq_joseph,
          uniq_nergalle
Lair:2:   layout_roguey, minmay_shoals_entry_hut, spider_nest_entry_funnel_web
Lair:3:   layout_roguey, nicolae_lair_grove_arrangements, uniq_rupert
Lair:4:   layout_roguey, gauntlet_entry_generic, grunt_megastairs_4,
          serial_bayou_shore_b
Lair:5:   gammafunk_lair_ancient_temple, layout_regular_city,
          nicolae_slime_entry_field_trip, infiniplex_staircase_pool_2
Shoals:1: layout_shoals, gammafunk_ghost_grave
Shoals:2: layout_shoals, nicolae_shoals_enchanted_isle, uniq_ilsuiw
Shoals:3: layout_shoals, serial_shops, shop, nicolae_take_the_stairs,
          abandoned_shop
Shoals:4: shoals_end_hellmonk_storm_palace [storm_palace_center_ruins,
          storm_palace_corner_pillars, storm_palace_corner_altar,
          storm_palace_corner_narrow, storm_palace_corner_reverse_hut],
          uniq_polyphemus
Spider:1: layout_spider_delve, ebering_ghost_inner_flame
Spider:2: layout_cave_pods
Spider:3: layout_spider_delve
Spider:4: grunt_spider_rune_circles, uniq_asterion
Orc:1:    layout_caves, serial_shops, shop
Orc:2:    grunt_orc_cross, layout_caves, basic_altar
Vaults:1: gammafunk_ghost_smash, nicolae_vaults_twisting_passages,
          vaults_room_octagon, dpeg_vaults_pockets_of_resistance,
          hangedman_vaults_cutoff, vaults_dpeg_emergency_exit,
          nicolae_vaults_storage_closets_3, nicolae_vaults_closet_pinwheel_1,
          v_misc_27, nicolae_vaults_taking_the_gang_shopping,
          ontoclasm_vaults_gateway, nicolae_vaults_trapezoid_lopsided_3,
          layout_vaults_omnigrid, uniq_donald, uniq_nikola
Vaults:2: v_pattern_1, vaults_dpeg_cross, nicolae_vaults_ellipses_ellipsis,
          nicolae_vaults_sesquioval_fish, vaults_mumra_minichess_inversion,
          nicolae_vaults_storage_room_glass, st_lines,
          nicolae_vaults_tetromino_Z_1, v_misc_29, layout_vaults_big_room,
          serial_shops, bzr_entry_customers, uniq_boris

Notes
Turn   | Place    | Note
-------+----------+-------------------------------------------
     0 | D:1      | Drazool the Mountain Dwarf Fire Elementalist began the
                  | quest for the Orb.
     0 | D:1      | Reached XP level 1. HP: 14/14 MP: 3/3
    54 | D:1      | Reached skill level 2 in Spellcasting
    99 | D:1      | Reached skill level 1 in Conjurations
   328 | D:1      | Reached XP level 2. HP: 20/20 MP: 3/5
   488 | D:1      | Learned a level 2 spell: Scorch
   553 | D:1      | Reached skill level 2 in Conjurations
   730 | D:1      | Reached skill level 4 in Fire Magic
  1039 | D:2      | Reached skill level 1 in Armour
  1039 | D:2      | Reached XP level 3. HP: 21/26 MP: 0/6
  1096 | D:2      | Learned a level 3 spell: Volatile Blastmotes
  1133 | D:2      | Found a faded altar of an unknown god.
  1463 | D:2      | Reached skill level 2 in Armour
  2314 | D:3      | Reached skill level 2 in Dodging
  2314 | D:3      | Reached XP level 4. HP: 33/33 MP: 4/7
  2466 | D:3      | Reached skill level 2 in Stealth
  2689 | D:3      | Reached XP level 5. HP: 38/38 MP: 0/8
  2979 | D:3      | Reached skill level 5 in Fire Magic
  3232 | D:3      | Noticed a phantom
  3248 | D:3      | Killed a phantom
  3249 | D:3      | Reached skill level 6 in Fire Magic
  3470 | D:3      | Noticed a sky beast
  3574 | D:3      | Killed a sky beast
  3575 | D:3      | Reached skill level 3 in Conjurations
  3575 | D:3      | Reached skill level 1 in Fighting
  3575 | D:3      | Reached XP level 6. HP: 48/48 MP: 3/9
  3598 | D:3      | Learned a level 3 spell: Inner Flame
  3694 | D:4      | Reached skill level 2 in Fighting
  3875 | D:4      | Found a white marble altar of Elyvilon.
  4145 | D:4      | Found Naidwes's Self-Published Books.
  4292 | D:4      | Reached skill level 3 in Spellcasting
  4362 | D:4      | Noticed Natasha
  4367 | D:4      | Killed Natasha
  4368 | D:4      | Reached skill level 1 in Hexes
  4465 | D:4      | Reached XP level 7. HP: 55/55 MP: 2/11
  4466 | D:4      | Noticed Natasha
  4530 | D:4      | Killed Natasha
  4534 | D:4      | Reached skill level 2 in Hexes
  4974 | D:4      | Found Naidwes's Self-Published Books.
  5156 | D:4      | Noticed Natasha
  5161 | D:4      | Killed Natasha
  5162 | D:4      | Reached skill level 4 in Conjurations
  5262 | D:4      | Found a white marble altar of Elyvilon.
  5446 | D:5      | Entered Level 5 of the Dungeon
  5446 | D:5      | Found a shimmering altar of Xom.
  5532 | D:5      | Reached skill level 1 in Translocations
  5619 | D:5      | Reached skill level 2 in Translocations
  5771 | D:5      | Found a burning altar of Makhleb.
  5927 | D:5      | Noticed Pikel
  6171 | D:4      | Killed Pikel
  6172 | D:4      | Reached skill level 3 in Fighting
  6172 | D:4      | Reached skill level 4 in Spellcasting
  6172 | D:4      | Reached skill level 7 in Fire Magic
  6172 | D:4      | Reached XP level 8. HP: 32/63 MP: 8/14
  6331 | D:5      | Learned a level 4 spell: Flame Wave
  6352 | D:5      | Reached skill level 8 in Fire Magic
  6540 | D:6      | Found a sand-covered staircase.
  6549 | D:6      | Reached skill level 5 in Conjurations
  6648 | Ossuary  | Entered an ossuary
  6677 | Ossuary  | Reached skill level 4 in Fighting
  6727 | Ossuary  | Reached skill level 3 in Armour
  6851 | Ossuary  | Reached skill level 4 in Armour
  6919 | Ossuary  | Reached XP level 9. HP: 62/71 MP: 0/15
  7068 | Ossuary  | Identified a scroll of acquirement
  7069 | Ossuary  | Acquired the ring "Orhox" {^Drain rC+++ rCorr Int+6}
  7314 | D:6      | Reached skill level 5 in Spellcasting
  7642 | D:6      | Acquired 1029 gold pieces
  7680 | D:6      | Reached skill level 3 in Hexes
  7753 | D:6      | Reached skill level 5 in Armour
  7946 | D:6      | Acquired the +2 pair of gloves "Weuxun" {Int+2}
  8097 | D:6      | Reached skill level 6 in Armour
  8757 | D:7      | Reached skill level 7 in Armour
  8850 | D:7      | Noticed a cyclops
  8856 | D:7      | Killed a cyclops
  8857 | D:7      | Reached skill level 8 in Armour
  8909 | D:7      | Noticed a troll
  9034 | D:7      | Reached skill level 9 in Armour
  9264 | D:7      | Killed a troll
  9265 | D:7      | Reached XP level 10. HP: 55/78 MP: 10/18
  9360 | D:7      | Noticed a two-headed ogre
  9407 | D:7      | Killed a two-headed ogre
  9408 | D:7      | Reached skill level 6 in Spellcasting
  9416 | D:7      | Identified the +8 short sword of Tomorrow {flame, rN+
                  | Str+5}
  9450 | D:8      | Found Odaugixe's Weapon Boutique.
  9576 | D:8      | Reached skill level 9 in Fire Magic
  9665 | D:8      | Bought the +12 glaive of Prune {freeze, Prune} for 1180
                  | gold pieces
  9665 | D:8      | Found the +12 glaive of Prune {freeze, Prune}
  9681 | D:8      | Found Myfuerito's Assorted Antiques.
  9698 | D:8      | Reached skill level 1 in Polearms
  9860 | D:8      | Found an iron altar of Okawaru.
  9860 | D:8      | Found a stormy altar of Qazlal.
  9861 | D:8      | Found a hazy altar of Hepliaklqana.
  9880 | D:8      | Reached skill level 2 in Polearms
 10079 | D:7      | Reached skill level 3 in Polearms
 10190 | D:7      | Noticed a smoke demon
 10194 | D:7      | Reached skill level 4 in Polearms
 10406 | D:7      | Reached skill level 5 in Polearms
 10671 | D:7      | Reached skill level 6 in Polearms
 10815 | D:7      | Found a staircase to the Ecumenical Temple.
 10824 | Temple   | Entered the Ecumenical Temple
 10863 | Temple   | Became a worshipper of Vehumet
 11147 | D:8      | Noticed a two-headed ogre
 11167 | D:8      | Killed a two-headed ogre
 11168 | D:8      | Reached skill level 7 in Polearms
 11227 | D:8      | Noticed Grum
 11241 | D:8      | Killed Grum
 11246 | D:8      | Reached XP level 11. HP: 84/84 MP: 5/20
 11687 | D:9      | Reached skill level 8 in Polearms
 11817 | D:9      | Reached skill level 9 in Polearms
 11939 | D:9      | Found a shimmering blue altar of Sif Muna.
 11974 | D:9      | Reached * piety under Vehumet
 11974 | D:9      | Offered knowledge of Freeze by Vehumet.
 12131 | D:9      | Reached skill level 10 in Polearms
 12308 | D:9      | Reached ** piety under Vehumet
 12308 | D:9      | Offered knowledge of Sandblast by Vehumet.
 12561 | D:9      | Reached skill level 11 in Polearms
 12624 | D:9      | Found a staircase to the Lair.
 13002 | D:9      | Noticed a boulder beetle
 13002 | D:9      | Noticed a purple ugly thing
 13012 | D:9      | Killed a purple ugly thing
 13032 | D:9      | Killed a boulder beetle
 13033 | D:9      | Reached skill level 12 in Polearms
 13337 | D:10     | Entered Level 10 of the Dungeon
 13340 | D:10     | Offered knowledge of Stone Arrow by Vehumet.
 13445 | D:10     | Noticed a sun demon
 13491 | D:10     | Reached *** piety under Vehumet
 13757 | D:10     | Reached XP level 12. HP: 91/91 MP: 14/21
 14359 | D:4      | Bought the Catalogue of the Genitive for 312 gold pieces
 14363 | D:4      | Learned a level 3 spell: Stone Arrow
 14526 | Lair:1   | Entered Level 1 of the Lair of Beasts
 14800 | Lair:1   | Reached skill level 13 in Polearms
 14803 | Lair:1   | Reached skill level 1 in Earth Magic
 14805 | Lair:1   | Reached skill level 2 in Earth Magic
 14806 | Lair:1   | Offered knowledge of Ignite Poison by Vehumet.
 14971 | Lair:1   | Reached skill level 3 in Earth Magic
 15201 | Lair:1   | Got the Tome of the Solution and the Squall
 15253 | Lair:1   | Reached skill level 4 in Earth Magic
 15347 | Lair:1   | Reached skill level 5 in Earth Magic
 15470 | Lair:1   | Identified the +6 great sword of the Bespelling Gods
                  | {freeze, rF+++}
 15470 | Lair:1   | Noticed Nergalle
 15478 | Lair:1   | Reached **** piety under Vehumet
 15493 | Lair:1   | Killed Nergalle
 15494 | Lair:1   | Reached skill level 5 in Fighting
 15832 | Lair:1   | Reached skill level 6 in Fighting
 15917 | Lair:1   | Noticed Joseph
 15927 | Lair:1   | Killed Joseph
 16232 | Lair:2   | Reached skill level 7 in Spellcasting
 16359 | Lair:2   | Offered knowledge of Freezing Cloud by Vehumet.
 16375 | Lair:2   | Learned a level 5 spell: Freezing Cloud
 16390 | Lair:2   | Reached skill level 1 in Ice Magic
 16409 | Lair:2   | Reached skill level 2 in Ice Magic
 16569 | Lair:2   | Reached skill level 3 in Ice Magic
 16826 | Lair:2   | Noticed a boulder beetle
 16839 | Lair:2   | Killed a boulder beetle
 16840 | Lair:2   | Reached skill level 4 in Ice Magic
 17012 | Lair:2   | Found a staircase to the Shoals.
 17214 | Lair:2   | Found a hole to the Spider Nest.
 17220 | Lair:2   | Reached skill level 5 in Ice Magic
 17313 | Lair:3   | Reached skill level 1 in Air Magic
 17376 | Lair:3   | Noticed a catoblepas
 17384 | Lair:3   | Killed a catoblepas
 17385 | Lair:3   | Reached XP level 13. HP: 81/102 MP: 15/23
 17387 | Lair:3   | Reached skill level 2 in Air Magic
 17495 | Lair:3   | Noticed Rupert
 17502 | Lair:3   | Paralysed by Rupert for 4 turns
 17510 | Lair:3   | Killed Rupert
 17511 | Lair:3   | Reached skill level 3 in Air Magic
 18129 | Lair:4   | Identified the +3 helmet of Udesogh {Regen+}
 18350 | Lair:4   | Reached skill level 8 in Spellcasting
 18504 | Lair:4   | Found a gate leading to a gauntlet.
 18515 | Gauntlet | Entered a Gauntlet
 18515 | Gauntlet | Found a transporter.
 18515 | Gauntlet | Found a transporter.
 18515 | Gauntlet | Found a transporter.
 18536 | Gauntlet | Found a transporter.
 18546 | Gauntlet | Found a transporter.
 18549 | Gauntlet | Found a transporter.
 18559 | Gauntlet | Found a transporter.
 18579 | Gauntlet | Found a transporter.
 18582 | Gauntlet | Found a transporter.
 18585 | Gauntlet | Found a transporter.
 18593 | Gauntlet | Found a transporter.
 18636 | Gauntlet | Found a transporter.
 18682 | Gauntlet | Reached skill level 7 in Fighting
 18777 | Gauntlet | Identified the -2 pair of gloves of Card Tricks {Regen+
                  | Int+2}
 18812 | Gauntlet | Noticed a minotaur
 18820 | Gauntlet | Killed a minotaur
 18880 | Gauntlet | Identified the +10 arbalest "Hell-Harrower" {drain, *Slow
                  | rElec SInv}
 18967 | Lair:4   | Reached skill level 8 in Fighting
 18967 | Lair:4   | Reached skill level 1 in Evocations
 18977 | Lair:4   | Reached skill level 2 in Evocations
 18983 | Lair:4   | Reached skill level 3 in Evocations
 19001 | Lair:4   | Reached skill level 4 in Evocations
 19012 | Lair:4   | Reached skill level 5 in Evocations
 19378 | Lair:5   | Entered Level 5 of the Lair of Beasts
 19378 | Lair:5   | Found a staircase to the Slime Pits.
 19378 | Lair:5   | Found a viscous altar of Jiyva.
 19381 | Lair:5   | Reached ***** piety under Vehumet
 19383 | Lair:5   | Offered knowledge of Ozocubu's Refrigeration by Vehumet.
 19439 | Lair:4   | Learned a level 7 spell: Ozocubu's Refrigeration
 19752 | Lair:5   | Reached skill level 6 in Ice Magic
 19819 | Lair:5   | Reached skill level 7 in Ice Magic
 20242 | Lair:5   | Reached skill level 8 in Ice Magic
 20284 | Lair:5   | Reached XP level 14. HP: 115/115 MP: 26/26
 20703 | Lair:5   | Reached skill level 9 in Ice Magic
 20820 | Lair:5   | Identified the staff of Wavixeps {rPois rF+ Fire}
 20822 | Lair:5   | Identified the +8 arbalest of Makhleb, Shimmering {freeze,
                  | rF+}
 20832 | Lair:5   | Identified the staff "Tuniamn" {^Fragile rF+ Int+3 Conj
                  | Summ}
 21173 | D:11     | Noticed Sonja
 21177 | D:11     | Killed Sonja
 21201 | D:11     | Identified 2 potions of resistance
 21241 | D:11     | Noticed Erica
 21248 | D:11     | Killed Erica
 21308 | D:11     | Noticed Fannar
 21329 | D:11     | Killed Fannar
 21651 | D:11     | Found a staircase to the Orcish Mines.
 21942 | D:11     | Reached skill level 10 in Ice Magic
 22513 | Orc:1    | Entered Level 1 of the Orcish Mines
 22513 | Orc:1    | Found Neklo's Magic Scroll Boutique.
 22515 | Orc:1    | Bought a scroll of identify for 26 gold pieces
 22515 | Orc:1    | Bought a scroll of identify for 26 gold pieces
 22517 | Orc:1    | Bought a scroll of identify for 26 gold pieces
 22517 | Orc:1    | Bought a scroll of identify for 26 gold pieces
 22619 | Orc:2    | Entered Level 2 of the Orcish Mines
 22784 | Orc:2    | Found a bloodstained altar of Trog.
 22993 | Orc:2    | Noticed Saint Roka
 23004 | Orc:2    | Killed Saint Roka
 23005 | Orc:2    | Reached skill level 11 in Ice Magic
 23422 | Orc:2    | Found a staircase to the Elven Halls.
 23690 | Orc:2    | Found a roughly hewn altar of Beogh.
 23736 | Orc:2    | Paralysed by an orc sorcerer for 4 turns
 23922 | Orc:2    | Found Zair's Antique Armour Boutique.
 24074 | Orc:2    | Found Hybuujar's Antique Weapon Boutique.
 24184 | Orc:2    | Reached skill level 12 in Ice Magic
 24188 | Orc:2    | Identified a +1 robe of resistance
 24396 | Orc:2    | Found Feyppag's General Store.
 24402 | Orc:2    | Bought a potion of magic for 128 gold pieces
 24493 | Orc:2    | Found Haceugodghe's Jewellery Boutique.
 24590 | Orc:2    | Bought the ring of Izittaf {Str+6 Int+4} for 925 gold
                  | pieces
 25250 | Orc:1    | Noticed an orc warlord
 25261 | Orc:1    | Killed an orc warlord
 25261 | Orc:1    | Offered knowledge of Fireball by Vehumet.
 25429 | Orc:1    | You fall into a shaft and drop 1 floor!
 25950 | D:12     | Reached skill level 9 in Spellcasting
 26477 | D:12     | Found Ujyfrom's Book Emporium.
 26659 | D:12     | Identified the +2 robe of Nemelex Xobeh's Anger {Harm Dex-4
                  | Slay+4 Stlth+}
 26860 | D:12     | Found a runed translucent door.
 26863 | D:12     | Found a runed translucent door.
 26897 | D:12     | Found a runed translucent door.
 27279 | D:13     | Noticed Lodul
 27283 | D:13     | Killed Lodul
 27284 | D:13     | Reached XP level 15. HP: 121/121 MP: 5/28
 27290 | D:13     | Learned a level 5 spell: Fireball
 27563 | D:13     | Reached skill level 10 in Spellcasting
 27807 | D:13     | Reached skill level 1 in Throwing
 28396 | D:13     | Found a gate to the Vaults.
 28775 | D:14     | Reached skill level 2 in Throwing
 29160 | D:14     | Reached skill level 3 in Throwing
 29279 | D:14     | Offered knowledge of Irradiate by Vehumet.
 29343 | D:15     | Entered Level 15 of the Dungeon
 29490 | D:15     | Reached skill level 4 in Throwing
 29835 | D:15     | Found an ancient bone altar of Kikubaaqudgha.
 29852 | D:15     | Reached skill level 10 in Fire Magic
 29853 | D:15     | Noticed Kirke
 29860 | D:15     | Killed Kirke
 30283 | D:15     | Reached skill level 11 in Spellcasting
 30411 | D:15     | Found a staircase to the Depths.
 30689 | Spider:1 | Entered Level 1 of the Spider Nest
 30999 | Spider:1 | Found a runed translucent door.
 31313 | Spider:1 | Reached skill level 12 in Spellcasting
 31318 | Spider:1 | Noticed notthatgreg's ghost (adept KoHu)
 31979 | Lair:2   | Learned a level 5 spell: Irradiate
 32160 | Spider:1 | Reached skill level 1 in Alchemy
 32371 | Spider:1 | Reached skill level 2 in Alchemy
 32371 | Spider:1 | Reached XP level 16. HP: 129/129 MP: 20/32
 32507 | Spider:1 | HP: 4/124 [notthatgreg's ghost (28)]
 32653 | Spider:1 | Killed notthatgreg's ghost
 32900 | Spider:2 | Reached skill level 3 in Alchemy
 33445 | Spider:2 | Offered knowledge of Permafrost Eruption by Vehumet.
 33446 | Spider:2 | Reached skill level 4 in Alchemy
 34513 | Spider:3 | Reached skill level 13 in Spellcasting
 35198 | Spider:3 | Offered knowledge of Starburst by Vehumet.
 35420 | Spider:3 | Acquired 1029 gold pieces
 35421 | Spider:3 | Acquired 1101 gold pieces
 35422 | Spider:3 | Acquired 570 gold pieces
 35842 | Spider:4 | Entered Level 4 of the Spider Nest
 35844 | Spider:4 | Reached skill level 14 in Spellcasting
 36887 | Spider:4 | Noticed Asterion
 36899 | Spider:4 | Killed Asterion
 37240 | Spider:4 | Reached skill level 15 in Spellcasting
 38211 | Spider:4 | Reached XP level 17. HP: 136/136 MP: 29/36
 38491 | Spider:4 | Reached ****** piety under Vehumet
 38505 | Spider:4 | Offered knowledge of Spellforged Servitor by Vehumet.
 38530 | Spider:3 | Learned a level 7 spell: Spellforged Servitor
 38628 | Spider:4 | Reached skill level 1 in Summonings
 38819 | Spider:4 | Reached skill level 2 in Summonings
 39120 | Spider:4 | Reached skill level 3 in Summonings
 39359 | Spider:4 | Reached skill level 4 in Summonings
 39792 | Spider:4 | Got a gossamer rune of Zot
 39799 | Spider:4 | Identified a scarf of resistance
 39951 | Shoals:1 | Entered Level 1 of the Shoals
 39955 | Shoals:1 | Reached skill level 5 in Summonings
 40801 | Shoals:1 | Found a runed translucent door.
 40801 | Shoals:1 | Noticed Xacloem's ghost (adept OnFE)
 40890 | Shoals:1 | Reached skill level 6 in Summonings
 41162 | Shoals:1 | Reached skill level 6 in Conjurations
 41777 | Shoals:2 | Offered knowledge of Bombard by Vehumet.
 42127 | Shoals:2 | Noticed Ilsuiw
 42159 | Shoals:2 | Killed Ilsuiw
 42160 | Shoals:2 | Reached skill level 7 in Summonings
 42260 | Shoals:2 | Reached skill level 7 in Conjurations
 43076 | Shoals:2 | Reached skill level 8 in Summonings
 43710 | Shoals:2 | Found the Charlatan's Orb {orb Evoboost}
 43784 | Shoals:2 | Noticed a kraken
 43794 | Shoals:2 | Killed a kraken
 43795 | Shoals:2 | Reached skill level 8 in Conjurations
 44010 | Shoals:2 | You fall into a shaft and drop 1 floor!
 44296 | Shoals:3 | Reached skill level 9 in Summonings
 45153 | Shoals:3 | Reached XP level 18. HP: 143/143 MP: 32/37
 45330 | Shoals:3 | Found Ykehessu's Armour Shop.
 45553 | Shoals:3 | Found Woittiot's Assorted Antiques.
 45582 | Shoals:3 | Reached skill level 9 in Conjurations
 45948 | Shoals:4 | Entered Level 4 of the Shoals
 45980 | Shoals:4 | Reached skill level 10 in Summonings
 46121 | Shoals:4 | Reached skill level 9 in Fighting
 46401 | Shoals:4 | Paralysed by an air elemental for 1 turns
 46447 | Shoals:4 | Paralysed by an air elemental for 1 turns
 46528 | Shoals:4 | Reached skill level 10 in Fighting
 46725 | Shoals:4 | Found a sparkling altar of Nemelex Xobeh.
 46831 | Shoals:4 | Noticed Polyphemus
 46839 | Shoals:4 | Killed Polyphemus
 46983 | Shoals:4 | Offered knowledge of Polar Vortex by Vehumet.
 46983 | Shoals:4 | Offered knowledge of Ignition by Vehumet.
 46983 | Shoals:4 | Offered knowledge of Maxwell's Capacitive Coupling by
                  | Vehumet.
 47164 | Shoals:4 | Reached skill level 16 in Spellcasting
 47319 | Shoals:4 | Upgraded the game from 0.32-a0-898-g7811c86cf0 to
                  | 0.32-a0-913-g739538afd8
 48380 | Shoals:4 | Reached skill level 11 in Fire Magic
 48775 | Shoals:4 | Reached skill level 12 in Fire Magic
 49232 | Shoals:4 | Got Sif Muna's Catalogue of the Oath
 49237 | Shoals:4 | Got a barnacled rune of Zot
 49725 | Vaults:1 | Entered Level 1 of the Vaults
 49779 | Vaults:1 | Reached skill level 1 in Staves
 49789 | Vaults:1 | Noticed Nikola
 49800 | Vaults:1 | Killed Nikola
 49801 | Vaults:1 | Reached skill level 2 in Staves
 50054 | Vaults:1 | Noticed Donald
 50063 | Vaults:1 | Killed Donald
 50533 | Vaults:1 | Found Juekkoch's Armour Boutique.
 50989 | Vaults:1 | Reached skill level 17 in Spellcasting
 51198 | Vaults:1 | Reached XP level 19. HP: 152/154 MP: 9/40
 51543 | Vaults:1 | Found a transporter.
 51545 | Vaults:1 | Noticed Shayle's ghost (adept CoAl)
 51546 | Vaults:1 | Found a transporter.
 51547 | Vaults:1 | Identified the +0 great mace of Tenacity {flame, *Slow
                  | rCorr Int+2 Stlth+}
 51554 | Vaults:1 | Identified the +6 flail of Carved True Grit {flame, rN+
                  | Int+2}
 51703 | Vaults:1 | Identified the amulet of Jiygil {rPois Will+ Regen+ Str+2
                  | SInv}
 51707 | Vaults:1 | Reached skill level 13 in Ice Magic
 52431 | Vaults:1 | Reached skill level 14 in Ice Magic
 53347 | Vaults:2 | Found a flickering gateway to a bazaar.
 53359 | Bazaar   | Entered a bazaar
 53359 | Bazaar   | Found Lujus's Armour Boutique.
 53359 | Bazaar   | Found Ifyrph's Armour Shop.
 53359 | Bazaar   | Found Unapt's Assorted Antiques.
 53383 | Bazaar   | Found Nirphiaqy's Weapon Emporium.
 53818 | Vaults:2 | Reached skill level 15 in Ice Magic
 54702 | Vaults:2 | Found a staircase to the Crypt.
 55132 | Vaults:2 | Identified the +4 robe of the Candlemaker {Slay+3 Archmagi}
 55132 | Vaults:2 | Noticed Boris
 55141 | Vaults:2 | Killed Boris
 55142 | Vaults:2 | Reached skill level 16 in Ice Magic
 55276 | Vaults:2 | Identified the +0 chain mail "Rirakyx" {Will++}
 55449 | Vaults:2 | Mangled by a dire elephant

Vanquished Creatures
  Boris (Vaults:2)
  Saint Roka (Orc:2)
  Nikola (Vaults:1)
  Rupert (Lair:3)
  Asterion (Spider:4)
  4 sphinxes
  A kraken (Shoals:2)
  A shadow dragon (Vaults:1)
  Polyphemus (Shoals:4)
  Kirke (D:15)
  A storm dragon (Shoals:4)
  Ilsuiw (Shoals:2)
  A fire giant (Vaults:1)
  The ghost of notthatgreg the Markskobold, an adept KoHu of Gozag (Spider:1)
  4 vault wardens (Vaults:1)
  7 emperor scorpions (Spider:4)
  4 ghost moths
  7 ironbound preservers
  5 orc warlords
  3 broodmothers
  A stone giant (D:15)
  3 very ugly things
  2 ironbound thunderhulks
  A deep elf death mage (Vaults:1)
  2 eleionomae (Shoals:2)
  A minotaur (Gauntlet)
  4 dire elephants (Vaults:1)
  2 spark wasps
  An ettin (Orc:2)
  2 merfolk javelineers
  12 merfolk impalers
  A fire dragon (D:15)
  6 entropy weavers
  4 yaktaur captains
  3 great orbs of eyes
  Fannar (D:11)
  3 vault guards
  An ogre mage (D:15)
  5 merfolk avatars
  3 catoblepae
  A peacekeeper (Vaults:1)
  2 hydras
  7 ironbound frosthearts
  Erica (D:11)
  A death knight (D:13)
  4 jorogumos
  A radroach (Spider:4)
  17 centaur warriors
  A merfolk aquamancer (Shoals:4)
  7 boulder beetles
  An alligator snapping turtle (Shoals:3)
  12 two-headed ogres
  5 satyrs
  2 tengu warriors (D:15)
  A death scarab (Spider:3)
  11 death yaks
  2 orc high priests
  9 demonic crawlers
  Sonja (D:11)
  Nergalle (Lair:1)
  3 skysharks
  Lodul (D:13)
  9 sea snakes
  4 pharaoh ants
  3 skeletal warriors
  7 orb spiders
  2 arcanists
  Pikel (D:4)
  2 sun moths
  13 deep trolls
  10 ironbound convokers
  23 harpies
  6 orc knights
  2 deep elf pyromancers
  10 steelbarb worms
  6 ugly things
  A phantasmal warrior (Vaults:1)
  7 lindwurms
  13 wolf spiders
  5 orc sorcerers
  A worldbinder (Gauntlet)
  4 cyclopes
  8 fauns
  7 moths of wrath
  11 manticores
  5 black mambas
  3 kobold blastminers
  13 merfolk sirens
  5 elephants (Lair:5)
  7 water nymphs
  Joseph (Lair:1)
  5 torpor snails
  10 vault sentinels
  13 cane toads
  A gargoyle (D:14)
  A rime drake (shapeshifter) (D:13)
  5 rime drakes
  3 yaktaurs (Vaults:2)
  An unseen horror (D:13)
  8 komodo dragons
  2 kobold demonologists
  An efreet (D:14)
  25 merfolk
  6 trolls
  31 jumping spiders
  A tyrant leech (Lair:1)
  A hornet (shapeshifter) (D:13)
  4 blink frogs
  9 snapping turtles
  29 tarantellas
  5 wind drakes
  2 hornets (D:9)
  7 dream sheep
  16 slime creatures
  3 air elementals (Shoals:4)
  2 shadows (D:11)
  A vampire (D:7)
  12 water elementals
  21 culicivoras
  8 wyverns
  3 wraiths
  22 yaks
  4 hogs (D:15)
  6 basilisks
  A hog (shapeshifter) (D:15)
  3 humans (D:13)
  55 redbacks
  4 steam dragons
  Grum (D:8)
  4 wargs
  8 vampire mosquitoes
  2 acid dragons
  2 swamp worms (Lair:1)
  15 water moccasins
  2 nameless horrors
  3 black bears
  29 orc warriors
  A sky beast (D:3)
  13 ogres
  5 laughing skulls (Gauntlet)
  27 wolves
  9 boggarts
  11 centaurs
  A lemure (D:5)
  A weeping skull (Gauntlet)
  3 phantoms
  5 kobold brigands
  16 bullfrogs
  4 elf zombies (Ossuary)
  3 gnoll sergeants
  3 scorpions
  5 wights (D:8)
  50 killer bees
  A troll zombie (D:11)
  3 electric eels
  6 howler monkeys
  A bombardier beetle (D:5)
  3 centaur zombies (Ossuary)
  4 jellies
  2 gnoll boudas
  3 hounds
  2 human zombies (Ossuary)
  15 orc priests
  4 sleepcaps
  A spectral scorpion (Ossuary)
  3 iguanas (D:6)
  23 orc wizards
  Natasha (thrice) (D:4)
  A crocodile zombie (Ossuary)
  5 ogre zombies (D:11)
  3 mummies (Ossuary)
  28 gnolls
  11 adders
  A shadow imp (D:6)
  2 white imps (D:6)
  2 ufetubi (D:6)
  3 dart slugs
  2 ribbon worms
  53 orcs
  10 ball pythons
  11 endoplasms
  7 giant cockroaches
  2 gnoll zombies (D:11)
  7 goblins
  12 hobgoblins
  5 jackals
  5 quokkas
  8 bats
  5 frilled lizards
  29 kobolds
  2 orc skeletons (D:11)
  15 orc zombies (D:11)
  12 rats
  2 tentacles (Shoals:2)
1256 creatures vanquished.

Vanquished Creatures (collateral kills)
  Donald (Vaults:1)
  2 vault wardens (Vaults:1)
  An ironbound thunderhulk (Vaults:1)
  A very ugly thing (Vaults:2)
  3 merfolk impalers (Shoals:4)
  A merfolk javelineer (Shoals:4)
  2 yaktaur captains (Vaults:1)
  A merfolk avatar (Shoals:4)
  3 ironbound frosthearts (Vaults:1)
  6 centaur warriors
  2 merfolk aquamancers (Shoals:4)
  A satyr (Shoals:4)
  A death yak (Shoals:4)
  3 sea snakes
  3 deep trolls (Vaults:1)
  5 harpies
  2 ironbound convokers (Vaults:1)
  An ugly thing (Vaults:2)
  8 fauns
  5 manticores
  3 merfolk sirens (Shoals:4)
  5 water nymphs
  A vault sentinel (Vaults:1)
  A yaktaur (Vaults:1)
  4 wind drakes (Shoals:4)
  11 merfolk
  2 snapping turtles
  3 dream sheep
  11 water elementals
  5 air elementals (Shoals:4)
  2 slime creatures (Vaults:1)
  An orc wizard (D:8)
  An orc (D:8)
  A kobold (D:8)
  4 foxfires
  A tentacle (Shoals:2)
108 creatures vanquished.

Vanquished Creatures (others)
  A boggart (D:15)
  1131 foxfires
  5 tentacles (Shoals:2)
1137 creatures vanquished.

Grand Total: 2501 creatures vanquished

Table legend: (Time is in decaauts)
 A = Elapsed time spent in this place.
 B = Non-inter-level travel time spent in this place.
 C = Inter-level travel time spent in this place.
 D = Time resting spent in this place.
 E = Time spent auto-exploring this place.
 F = Levels seen in this place.
 G = Mean time per level.
                   A        B        C        D        E       F      G
               +--------+--------+--------+--------+--------+-----+--------+
         Total |  55958 |  52917 |   3041 |  15058 |  29042 |  36 | 1554.4 |
       Dungeon |  20467 |  19438 |   1029 |   3309 |  12781 |  15 | 1364.5 |
        Temple |     81 |      2 |     79 |      0 |      0 |   1 |   81.0 |
          Lair |   6834 |   6184 |    650 |   1173 |   3888 |   5 | 1366.8 |
        Shoals |   9530 |   9094 |    436 |   2994 |   4772 |   4 | 2382.5 |
   Spider Nest |   9205 |   8637 |    568 |   3735 |   3750 |   4 | 2301.2 |
  Orcish Mines |   3141 |   2958 |    183 |   1046 |   1442 |   2 | 1570.5 |
        Vaults |   5648 |   5554 |     94 |   2384 |   2275 |   2 | 2824.0 |
        Bazaar |     84 |     84 |      0 |      0 |     68 |   1 |   84.0 |
       Ossuary |    579 |    579 |      0 |    298 |     15 |   1 |  579.0 |
      Gauntlet |    384 |    384 |      0 |    118 |     50 |   1 |  384.0 |
               +--------+--------+--------+--------+--------+-----+--------+

Top non-repeatable levels by time:
Vaults:1: 3617 daAuts
Spider:4: 3331 daAuts
Shoals:4: 2999 daAuts
Shoals:1: 2581 daAuts
Spider:3: 2489 daAuts
Shoals:2: 2232 daAuts
   Orc:2: 2055 daAuts
Vaults:2: 2031 daAuts
Spider:1: 1981 daAuts
     D:4: 1949 daAuts
     D:9: 1945 daAuts
  Lair:1: 1734 daAuts
    D:13: 1718 daAuts
Shoals:3: 1717 daAuts
  Lair:2: 1649 daAuts

Table legend:
 A = Non-vault XP
 B = Vault XP
 C = Vault XP percentage of total XP
 D = Non-vault monster count
 E = Vault monster count
 F = Vault count percentage of total count
                 A         B        C        D         E       F
            +---------+---------+-------+---------+---------+-------
      Total |  279607 |  193085 |  40.8 |     875 |     480 |  35.4
            +---------+---------+-------+---------+---------+-------
        D:1 |      37 |       2 |   5.1 |      24 |       2 |   7.7
        D:2 |      57 |       0 |   0.0 |      24 |       0 |   0.0
        D:3 |     118 |     296 |  71.5 |      22 |      17 |  43.6
        D:4 |     249 |     917 |  78.6 |      19 |      20 |  51.3
        D:5 |     510 |       0 |   0.0 |      11 |       0 |   0.0
        D:6 |     577 |     452 |  43.9 |      22 |       7 |  24.1
        D:7 |    1046 |    3626 |  77.6 |      30 |      19 |  38.8
        D:8 |    2144 |     649 |  23.2 |      29 |       5 |  14.7
        D:9 |    3226 |    5771 |  64.1 |      31 |      50 |  61.7
       D:10 |    1979 |       0 |   0.0 |      25 |       0 |   0.0
       D:11 |    4955 |    3232 |  39.5 |      23 |      31 |  57.4
       D:12 |    6446 |       0 |   0.0 |      18 |       0 |   0.0
       D:13 |    5628 |    4346 |  43.6 |       9 |      13 |  59.1
       D:14 |    4604 |       0 |   0.0 |      11 |       0 |   0.0
       D:15 |   10683 |    4923 |  31.5 |      21 |       8 |  27.6
     Lair:1 |    5863 |    1806 |  23.5 |      33 |       5 |  13.2
     Lair:2 |    6607 |    1288 |  16.3 |      24 |       4 |  14.3
     Lair:3 |    2932 |    1798 |  38.0 |      11 |       1 |   8.3
     Lair:4 |    4134 |    5056 |  55.0 |      12 |      10 |  45.5
     Lair:5 |    8270 |    7519 |  47.6 |      20 |      18 |  47.4
   Shoals:1 |   16908 |       0 |   0.0 |      38 |       0 |   0.0
   Shoals:2 |   14703 |   13867 |  48.5 |      29 |      24 |  45.3
   Shoals:3 |   21299 |     219 |   1.0 |      38 |       1 |   2.6
   Shoals:4 |   22071 |   30845 |  58.3 |      46 |      60 |  56.6
   Spider:1 |   21654 |    2222 |   9.3 |      58 |       2 |   3.3
   Spider:2 |   10986 |       0 |   0.0 |      30 |       0 |   0.0
   Spider:3 |   18843 |       0 |   0.0 |      43 |       0 |   0.0
   Spider:4 |   22722 |   20917 |  47.9 |      51 |      37 |  42.0
      Orc:1 |    4542 |       0 |   0.0 |      26 |       0 |   0.0
      Orc:2 |    4480 |    8622 |  65.8 |      29 |      36 |  55.4
   Vaults:1 |   31209 |   46433 |  59.8 |      39 |      54 |  58.1
   Vaults:2 |   20125 |   25130 |  55.5 |      29 |      33 |  53.2
    Ossuary |       0 |     722 | 100.0 |       0 |      14 | 100.0
   Gauntlet |       0 |    2427 | 100.0 |       0 |       9 | 100.0
            +---------+---------+-------+---------+---------+-------
